 Dungeon Crawl Stone Soup version 0.29.0-11-gd7f09526c8 (webtiles) character file.

Game seed: 12339862759529594189

86 NinjaNoafa the Vexing (level 4, 0/22 HPs)
             Began as a Deep Elf Arcane Marksman on Sept 2, 2022.
             Slain by a gnoll
             ... wielding a +0 spear
              (8 damage)
             ... on level 3 of the Dungeon.
             The game lasted 00:04:30 (2461 turns).

NinjaNoafa the Vexing (Deep Elf Arcane Marksman)    Turns: 2461, Time: 00:04:31

Health: 0/22       AC:  2    Str:  7    XL:     4   Next: 26%
Magic:  9/9        EV: 12    Int: 20    God:
Gold:   110        SH:  0    Dex: 15    Spells: 6/7 levels left

rFire   . . .      SeeInvis .   a - +2 sling
rCold   . . .      Faith    .   (no shield)
rNeg    . . .      Spirit   .   c - +0 robe
rPois   .          Reflect  .   (no helmet)
rElec   .          Harm     .   (no cloak)
rCorr   .          Rampage  .   (no gloves)
Will    .....                   (no boots)
Stlth   +.........              (no amulet)
HPRegen 0.07/turn               (no ring)
MPRegen 0.11/turn               (no ring)

@: no status effects
A: hooves 1, deterioration 1, frail 1, evolution 1
a: no special abilities


You were on level 3 of the Dungeon.
You visited 1 branch of the dungeon, and saw 3 of its levels.

You collected 110 gold pieces.

Inventory:

Hand Weapons
 a - a +2 sling (weapon)
Missiles
 h - 22 stones
 q - 3 poisoned darts
Armour
 c - a +0 robe (worn)
Scrolls
 g - a scroll of blinking
 i - a scroll of magic mapping
Potions
 d - a potion of lignification


   Skills:
 - Level 1.0 Fighting
 - Level 5.0 Ranged Weapons
 + Level 2.5 Dodging
 + Level 0.2 Stealth
 - Level 2.0 Spellcasting
 - Level 5.0 Hexes


You had 6 spell levels left.
You knew the following spells:

 Your Spells              Type           Power      Damage    Failure   Level
a - Slow                  Hex            88%        N/A       1%          1

Your spell library contained the following spells:

 Spells                   Type           Power      Damage    Failure   Level
 Inner Flame              Hex/Fire       12%        N/A       17%         3
 Portal Projectile        Hex/Tloc       24%        N/A       17%         3
 Cause Fear               Hex            11%        N/A       21%         4


Dungeon Overview and Level Annotations

Branches:
Dungeon (3/15)

Altars:


Innate Abilities, Weirdness & Mutations

You have large cloven feet.
Your body sometimes deteriorates upon taking damage.
You are frail. (-10% HP)
You have hidden genetic potential.


Message History

Really abort (and waste the scroll)?
Okay, then.
Okay, then.
You are too injured to fight recklessly!
Fire: a) +2 sling
Press: ? - help, Q - select action, (/) - cycle Shift-Dir - straight line, f/p - adder
Aim: an adder (heavily wounded, 42% to hit)
You shoot a sling bullet.
The sling bullet closely misses the adder.
The sling bullet hits the gnoll but does no damage.
The gnoll is heavily wounded.
Fire: a) +2 sling
Press: ? - help, Q - select action, (/) - cycle Shift-Dir - straight line, f/p - adder
Aim: an adder (heavily wounded, 42% to hit)
You shoot a sling bullet. The sling bullet hits the adder.
The adder is severely wounded.
Fire: a) +2 sling
Press: ? - help, Q - select action, (/) - cycle Shift-Dir - straight line, f/p - adder
Aim: an adder (severely wounded, 42% to hit)
You shoot a sling bullet. The sling bullet hits the adder.
You kill the adder!
You feel your intelligence returning.
Training target 5.0 for Ranged Weapons reached!
Your Ranged Weapons skill increases to level 5!
You need to enable at least one skill for training.
Fire: a) +2 sling
Press: ? - help, Q - select action, (/) - cycle Shift-Dir - straight line, f - gnoll
Aim: a gnoll, wielding a +0 spear (moderately wounded, 64% to hit)
You shoot a sling bullet. The sling bullet hits the gnoll.
The gnoll is severely wounded.
Unknown command.
Unknown command.
Fire: a) +2 sling
Press: ? - help, Q - select action, (/) - cycle Shift-Dir - straight line, f/p - gnoll
Aim: a gnoll, wielding a +0 spear (severely wounded, 64% to hit)
You shoot a sling bullet.
The sling bullet hits the gnoll but does no damage.
The gnoll is severely wounded.
The gnoll hits you from afar with a +0 spear!
You die...

## #. .#
#°#######.#
.○§☼°§°°☼#
#○.°.○°§○#
#§☼°§§r°°#
#°@☼°°°.○#
###§§####.# #.
#.§g○#
.##.☼#.°#
#...##.##
...###.####°#
.#.......##§○#
..... #...☼##
...# ##..##


You could see a gnoll and a quokka.

Vanquished Creatures
  5 adders
  2 dart slugs
  4 ball pythons
  An endoplasm (D:2)
  4 goblins
  4 hobgoblins
  2 jackals (D:1)
  5 kobolds
  A quokka (D:1)
  5 bats
  2 frilled lizards
  A rat (D:1)
36 creatures vanquished.

Notes
Turn   | Place    | Note
-------+----------+-------------------------------------------
     0 | D:1      | NinjaNoafa the Deep Elf Arcane Marksman began the quest for
                  | the Orb.
     0 | D:1      | Reached XP level 1. HP: 11/11 MP: 5/5
   293 | D:1      | Reached XP level 2. HP: 8/16 MP: 7/7
   664 | D:1      | Found a faded altar of an unknown god.
  1412 | D:2      | Reached XP level 3. HP: 19/20 MP: 6/8
  1456 | D:2      | Reached skill level 5 in Hexes
  2212 | D:3      | Reached skill level 1 in Fighting
  2283 | D:3      | Gained mutation: You have hidden genetic potential. [potion
                  | of mutation]
  2283 | D:3      | Gained mutation: You are frail. (-10% HP) [potion of
                  | mutation]
  2283 | D:3      | Gained mutation: Your body sometimes deteriorates upon
                  | taking damage. [potion of mutation]
  2283 | D:3      | Gained mutation: You have large cloven feet. [potion of
                  | mutation]
  2290 | D:3      | Reached XP level 4. HP: 10/22 MP: 4/9
  2460 | D:3      | Reached skill level 5 in Ranged Weapons
  2461 | D:3      | Slain by a gnoll

Illustrated notes

Levels and vault maps discovered:
D:1:      sevenhm_arrival_forest_fort_large_4, layout_basic,
          basic_ecumenical_altar
D:2:      layout_basic
D:3:      layout_rooms, minmay_fountain_box

Skill      XL: |  1  2  3  4 |
---------------+-------------+-----
Ranged Weapons | 3 4 5 |  5.0
Spellcasting   | 2 |  2.0
Hexes          | 5 |  5.0
Fighting       | 1 |  1.0
Dodging        | |  2.5
Stealth        | |  0.2

Action                   |  1- 3 |  4- 6 || total
-------------------------+-------+-------++-------
Melee: Unarmed           |     2 |       ||     2
 Fire: Sling             |   135 |    11 ||   146
 Cast: Slow              |    18 |     1 ||    19
  Use: Potion            |     7 |       ||     7
       Scroll            |       |     8 ||     8
Armor: Robe              |     9 |     2 ||    11
       Skin              |     5 |       ||     5
Dodge: Dodged            |    46 |     2 ||    48
